 Dungeon Crawl Stone Soup version 0.23-a0-629-gae4348f6cf (webtiles) character file.

254 Napalmbreeze the Poker (level 5, -3/41 HPs)
             Began as a Demonspawn Gladiator on Dec 26, 2018.
             Slain by a wraith (6 damage)
             ... in an ossuary.
             The game lasted 00:07:25 (2787 turns).

Napalmbreeze the Poker (Demonspawn Gladiator)       Turns: 2787, Time: 00:07:29

Health: -3/41      AC:  5    Str: 15    XL:     5   Next: 90%
Magic:  0/5        EV: 12    Int: 10    God:
Gold:   129        SH:  0    Dex: 14    Spells: 4/4 levels left

rFire    . . .     SeeInvis .   a - +0 trident
rCold    . . .     Gourm    .   (no shield)
rNeg     . . .     Faith    .   l - +0 ring mail
rPois    +         Spirit   +   (helmet restricted)
rElec    .         Reflect  .   (no cloak)
rCorr    .         Harm     .   (no gloves)
MR       .....                  (no boots)
Stlth    +.........             (no amulet)
HPRegen  0.13/turn              h - ring of poison resistance
MPRegen  0.09/turn              q - ring of wizardry

@: slowed, very slow
A: horns 1, talons 1, magic shield
a: no special abilities


You were in an ossuary.
You were not hungry.

You visited 1 branch of the dungeon, and saw 4 of its levels.
You also visited: Ossuary.

You collected 129 gold pieces.

Inventory:

Hand Weapons
 a - a +0 trident (weapon)
Missiles
 d - 3 throwing nets (quivered)
 k - 5 tomahawks
Armour
 l - a +0 ring mail (worn)
Jewellery
 h - a ring of poison resistance (left hand)
 q - a ring of wizardry (right hand)
Scrolls
 c - a scroll of magic mapping
 j - 2 scrolls of amnesia {unknown}
 p - 2 scrolls of remove curse {unknown}
 r - a scroll of identify {unknown}
 t - a scroll of enchant weapon {unknown}
 u - a scroll of teleportation
Potions
 b - 2 potions of agility {unknown}
 e - 2 potions of invisibility {unknown}
 g - a potion of curing
 i - a potion of lignification {unknown}
 m - a potion of brilliance {unknown}
 n - a potion of cancellation {unknown}
 o - 2 potions of berserk rage {unknown}
 s - 2 potions of heal wounds {unknown}
Comestibles
 f - 3 rations


   Skills:
 + Level 3.2 Fighting
 * Level 4.3 Polearms
 - Level 1.7 Throwing
 + Level 2.1 Armour
 + Level 3.5 Dodging


You had 4 spell levels left.
You didn't know any spells.
Your spell library was empty.

Dungeon Overview and Level Annotations

Branches:
Dungeon (4/15)             Temple (0/1) D:4

Altars:
Elyvilon

Annotations:
D:3 Grinder


Innate Abilities, Weirdness & Mutations

You have a pair of small horns on your head.
You have sharp toenails.
When hurt, damage is shared between your health and your magic reserves.


Message History

The wraith closely misses you. The wraith completely misses you.
You hit the wraith. Your kick misses the wraith.
Your headbutt misses the wraith.
The wraith is heavily damaged.
The wraith barely misses you. The wraith hits you!
* * * LOW HITPOINT WARNING * * *
The wraith drains your vigour!
You feel as though you will be slow longer.
You feel better. The wraith hits you!
* * * LOW HITPOINT WARNING * * *
The wraith drains your vigour!
You feel as though you will be slow longer.
You hit the wraith but do no damage. Your kick misses the wraith.
The wraith is heavily damaged.
The wraith hits you.
* * * LOW HITPOINT WARNING * * *
The wraith drains your vigour!
You feel as though you will be slow longer.
The wraith hits you.
You die...

#####################
.........^...........
..............^......
..###..###.^###..###
#?#..# #..# #..#.# #
#W#..#+#..#+#..#'#
#.#..#@#..#.#..#.#..#.#
........................
..............^.........
.####......###^.....####
+...8...#.#...8...'.#
##......#'#......####
.......^#.#..........
............^........
###.####.....####.####


You could see a wraith.

Vanquished Creatures
  A human zombie (Ossuary)
  An orc priest (D:2)
  Terence (D:2)
  A hound skeleton (D:4)
  3 mummies (Ossuary)
  Robin (D:2)
  An adder (D:3)
  2 oozes
  An adder skeleton (D:4)
  A worm (D:2)
  A dart slug (D:1)
  2 leopard geckos
  3 orcs
  6 bats
  A giant cockroach (D:2)
  A gnoll zombie (Ossuary)
  15 goblins
  9 hobgoblins
  2 jackals (D:2)
  9 kobolds
  A quokka (D:3)
  6 frilled lizards
  4 goblin zombies (Ossuary)
  3 kobold zombies (Ossuary)
  6 rats
82 creatures vanquished.

Notes
Turn   | Place    | Note
-------+----------+-------------------------------------------
     0 | D:1      | Napalmbreeze the Demonspawn Gladiator began the quest for
                  | the Orb.
     0 | D:1      | Reached XP level 1. HP: 16/16 MP: 1/1
    84 | D:1      | Gained mutation: When hurt, damage is shared between your
                  | health and your magic reserves. [demonic ancestry]
    84 | D:1      | Reached XP level 2. HP: 19/22 MP: 2/2
   112 | D:1      | Reached skill level 3 in Polearms
   382 | D:1      | Reached skill level 1 in Armour
   382 | D:1      | Gained mutation: You have a pair of small horns on your
                  | head. [demonic ancestry]
   382 | D:1      | Reached XP level 3. HP: 28/28 MP: 3/3
  1138 | D:2      | Reached XP level 4. HP: 34/34 MP: 4/4
  1268 | D:2      | Found a white marble altar of Elyvilon.
  1288 | D:2      | Noticed Robin
  1296 | D:2      | Killed Robin
  1619 | D:2      | Noticed Terence
  1660 | D:2      | Killed Terence
  2088 | D:2      | Gained mutation: You have sharp toenails. [demonic
                  | ancestry]
  2088 | D:2      | Reached XP level 5. HP: 37/40 MP: 5/5
  2188 | D:3      | Reached skill level 4 in Polearms
  2263 | D:3      | Noticed Grinder
  2367 | D:4      | Found a sand-covered staircase.
  2374 | Ossuary  | Entered an ossuary
  2374 | Ossuary  | Noticed a wraith
  2374 | Ossuary  | Noticed a wraith
  2374 | Ossuary  | Noticed a wraith
  2769 | Ossuary  | Noticed a wraith
  2787 | Ossuary  | Slain by a wraith

Vault maps used:
D:1:      scummos_arrival_simple_fountains
D:2:      elyvilon_altar_5, first_ration, uniq_robin, uniq_terence
D:3:      uniq_ijyb, uniq_grinder
D:4:      minmay_temple_entry_offerings, enter_ossuary_4,
          hangedman_decor_growths
Ossuary:  ossuary_kennysheep_city_of_the_dead

Skill      XL: |  1  2  3  4  5 |
---------------+----------------+-----
Polearms       | 3 4 |  4.3
Armour         | 1 2 |  2.1
Dodging        | 3 |  3.5
Fighting       | 3 |  3.2
Throwing       | |  1.7

Action                   |  1- 3 |  4- 6 || total
-------------------------+-------+-------++-------
Melee: Trident           |   103 |   181 ||   284
       Headbutt          |     5 |    35 ||    40
       Kick              |       |    35 ||    35
  Use: Scroll            |       |     3 ||     3
       Potion            |       |     2 ||     2
 Stab: Sleeping          |     2 |       ||     2
  Eat: Chunk             |     1 |     4 ||     5
       Ration            |       |     1 ||     1
Armor: Leather armour    |    11 |       ||    11
       Ring mail         |       |    30 ||    30
Dodge: Dodged            |    57 |    84 ||   141

Table legend:
 A = Non-vault XP
 B = Vault XP
 C = Vault XP percentage of total XP
 D = Non-vault monster count
 E = Vault monster count
 F = Vault count percentage of total count
                 A         B        C        D         E       F
            +---------+---------+-------+---------+---------+-------
      Total |     186 |     177 |  48.8 |      58 |      23 |  28.4
            +---------+---------+-------+---------+---------+-------
        D:1 |      60 |       8 |  11.8 |      31 |       4 |  11.4
        D:2 |      69 |      63 |  47.7 |      16 |       8 |  33.3
        D:3 |      34 |       0 |   0.0 |       9 |       0 |   0.0
        D:4 |      23 |       0 |   0.0 |       2 |       0 |   0.0
    Ossuary |       0 |     106 | 100.0 |       0 |      11 | 100.0
            +---------+---------+-------+---------+---------+-------
